Map: Ruins of Seras

Players

Valhanis - Winner!

  • Race: Zerg Zerg
  • League: Grandmaster

Must

  • Race: Protoss Protoss
  • League: Grandmaster

VOD

Have the link to the VOD?

Description

Time

  • Played on: Sept. 21, 2015, 4:07 p.m.
  • Length: 9:42
Show
View Real Time Build Order
Export as new Build Order

Valhanis Zerg - Winner!

Build Orders: 3 Hatch before Pool 

Get SALT Encoding   

  12  0:01  Drone  
  13  0:13  Overlord  
  13  0:18  Drone  
  14  0:33  Drone x2  
  16  0:37  Drone  
  17  0:59  Drone  
  17  1:00  Hatchery  
  17  1:10  Drone  
  19  1:11  Drone  
  19  1:25  Hatchery  
  18  1:38  Spawning Pool  
  17  1:42  Extractor  
  17  1:43  Drone  
  17  1:45  Drone  
  18  1:51  Overlord  
  18  2:01  Drone  
  18  2:07  Drone  
  20  2:17  Drone  
  21  2:24  Queen x2  
  25  2:30  Drone x2  
  25  2:34  Overlord  
  27  2:42  Drone x2  
  27  2:44  Drone  
  30  2:47  Zergling x2  
  31  2:52  Drone  
  32  3:09  Queen  
  32  3:10  Drone x2  
  36  3:14  Extractor  
  36  3:15  Drone x4  
  39  3:22  Zergling x6  
  42  3:30  Zergling x4  
  42  3:31  Metabolic Boost  
  44  3:34  Drone  
  45  3:43  Drone x5  
  50  3:57  Overlord x2  
  50  3:58  Overlord  
  50  4:16  Spore Crawler  
  48  4:19  Spore Crawler  
  48  4:21  Drone x2  
  48  4:22  Drone, Spore Crawler  
  48  4:24  Drone x9  
  60  4:39  Lair  
  60  4:40  Drone x2  
  60  4:41  Drone  
  61  4:50  Evolution Chamber, Drone x2  
  61  4:51  Drone x3  
  65  4:53  Evolution Chamber  
  65  4:56  Overlord x2  
  64  5:03  Drone x6  
  70  5:14  Drone  
  70  5:15  Drone x6  
  70  5:18  Extractor  
  70  5:19  Extractor  
  75  5:22  Extractor  
  75  5:23  Extractor  
  73  5:37  Spire  
  72  5:45  Drone  
  72  5:46  Drone x16  
  89  5:50  Overlord  
  89  5:51  Overlord x2  
  89  6:14  Queen  
  89  6:15  Overlord  
  89  6:16  Overlord x2  
  91  6:55  Mutalisk  
  91  6:56  Mutalisk x12  
  91  6:59  Overlord x3  
  117  7:01  Hatchery  
  116  7:19  Infestation Pit  
  116  7:20  Mutalisk x3  
  122  7:30  Zergling x20  
  122  7:34  Zerg Melee Weapons Level 1  
  122  7:35  Zerg Ground Armor Level 1  
  131  7:41  Drone x3  
  134  7:53  Mutalisk x3  
  140  8:13  Mutalisk x3  
  146  8:23  Zergling x2  
  146  8:24  Zergling x14  
  154  8:33  Zergling x6  
  153  8:45  Zergling x8  
  141  8:55  Mutalisk x4  
  113  9:13  Drone x6  
  117  9:18  Drone  
  120  9:28  Hatchery  
Show
View Real Time Build Order
Export as new Build Order

Must Protoss 

Build Orders: Double Forge 

Get SALT Encoding   

  12  0:02  Probe (Chrono Boost)  
  13  0:12  Probe (Chrono Boost)  
  14  0:19  Pylon  
  14  0:23  Probe (Chrono Boost)  
  15  0:38  Probe (Chrono Boost)  
  16  0:50  Probe (Chrono Boost)  
  17  1:06  Nexus  
  17  1:14  Gateway  
  17  1:24  Assimilator  
  17  1:27  Pylon  
  17  1:28  Probe (Chrono Boost)  
  18  1:38  Probe (Chrono Boost)  
  19  1:51  Probe (Chrono Boost)  
  20  2:02  Cybernetics Core  
  20  2:04  Zealot  
  20  2:06  Probe (Chrono Boost)  
  23  2:11  Assimilator  
  23  2:14  Pylon  
  23  2:17  Probe (Chrono Boost)  
  24  2:30  Gateway  
  24  2:31  Gateway  
  24  2:33  Probe (Chrono Boost)  
  25  2:40  Warp Gate  
  25  2:50  Robotics Facility  
  25  2:55  Probe x2 (Chrono Boost)  
  27  3:05  Probe x2 (Chrono Boost)  
  29  3:16  Gateway  
  29  3:20  Pylon  
  29  3:21  Probe (Chrono Boost)  
  29  3:23  Probe (Chrono Boost)  
  31  3:33  Sentry x2  
  35  3:36  Adept  
  37  3:45  Warp Prism  
  39  3:54  Probe x2 (Chrono Boost)  
  41  4:04  Probe x2 (Chrono Boost)  
  41  4:05  Adept  
  45  4:18  Zealot x3  
  45  4:20  Probe x2 (Chrono Boost)  
  53  4:33  Pylon  
  53  4:35  Probe x2 (Chrono Boost)  
  53  4:36  Pylon  
  55  4:41  Assimilator  
  55  4:45  Assimilator  
  55  4:46  Forge  
  55  4:47  Forge  
  55  4:54  Probe (Chrono Boost), Pylon  
  55  4:55  Probe (Chrono Boost)  
  55  4:56  Observer  
  58  5:09  Probe x2 (Chrono Boost)  
  60  5:18  Observer  
  60  5:19  Probe x2 (Chrono Boost)  
  63  5:21  Protoss Ground Armor Level 1  
  63  5:23  Protoss Ground Weapons Level 1  
  63  5:29  Probe x2 (Chrono Boost)  
  63  5:30  Zealot x4  
  73  5:54  Immortal  
  77  5:59  Adept x4  
  85  6:08  Pylon  
  85  6:11  Pylon  
  85  6:15  Pylon  
  85  6:18  Pylon  
  85  6:34  Nexus  
  85  6:37  Pylon  
  85  6:39  Pylon  
  85  6:43  Assimilator  
  85  6:45  Zealot, Assimilator  
  85  6:46  Zealot x3  
  93  7:07  Twilight Council  
  93  7:14  Pylon  
  93  7:44  Dark Shrine  
  93  7:47  Templar Archives  
  93  7:53  Gateway  
  93  7:55  Gateway  
  93  7:56  Gateway x2  
  89  8:02  Stalker x4  
  80  8:27  Stalker x4  
  69  8:54  Stalker x2  
  69  8:55  Stalker x2  
  18  9:24  Stalker x2  
Tags
 
Add a new tag
Caveats
  • Supply blocks, unpowered buildings, or Contaminate may cause inaccurate times.
  • Supply counts are checked every 10 seconds.